Map: Bridgehead LE (Void)

Players

Frey - Winner!

  • Race: Zerg Zerg
  • League: Grandmaster

wabbajack

  • Race: Terran Terran
  • League: Grandmaster

VOD

Have the link to the VOD?

Description

Time

  • Played on: July 14, 2015, 4:36 p.m.
  • Length: 9:05
Show
View Real Time Build Order
Export as new Build Order

Frey Zerg - Winner!

Build Orders: Hatch First, Lurkers 

Get SALT Encoding   

  12  0:07  Overlord  
  12  0:13  Drone  
  13  0:17  Drone  
  14  0:25  Drone  
  15  0:32  Drone  
  16  0:42  Drone  
  17  0:55  Hatchery  
  16  0:57  Drone  
  17  1:12  Spawning Pool  
  17  1:15  Drone  
  17  1:17  Drone  
  18  1:28  Overlord  
  18  1:40  Drone  
  18  1:45  Drone  
  20  1:56  Drone  
  21  2:08  Drone x2  
  23  2:11  Queen  
  23  2:12  Queen  
  27  2:22  Hatchery  
  26  2:35  Roach Warren, Extractor  
  24  2:37  Drone  
  24  2:38  Drone  
  24  2:39  Drone, Extractor  
  24  2:41  Drone  
  27  2:46  Extractor  
  27  2:48  Drone  
  27  2:49  Extractor  
  27  2:50  Drone  
  27  2:53  Drone  
  28  3:02  Drone x3  
  31  3:11  Drone x2  
  35  3:20  Overlord, Roach  
  35  3:22  Drone  
  36  3:32  Overlord  
  36  3:39  Roach x3  
  42  3:43  Roach  
  42  3:44  Roach  
  46  3:54  Queen  
  48  4:00  Lair  
  48  4:11  Evolution Chamber  
  48  4:12  Evolution Chamber  
  48  4:15  Drone x4  
  50  4:22  Drone x2  
  52  4:31  Drone x4  
  56  4:46  Overlord  
  56  4:47  Zerg Missile Weapons Level 1  
  56  4:48  Zerg Ground Armor Level 1  
  56  4:53  Overlord  
  56  5:01  Hydralisk Den  
  55  5:16  Lurker Den  
  55  5:26  Queen  
  57  5:28  Roach x3  
  57  5:29  Roach x6  
  57  5:34  Overlord  
  73  5:46  Overlord  
  73  5:47  Overlord  
  73  5:56  Hydralisk x4  
  81  6:07  Hydralisk x3  
  87  6:12  Hydralisk  
  89  6:31  Hydralisk x3  
  95  6:33  Overlord  
  95  6:41  Overlord  
  95  6:42  Overlord  
  95  6:50  Lurker  
  95  6:51  Overlord  
  95  6:52  Lurker x2  
  98  6:57  Drone  
  98  6:58  Drone x7  
  106  7:09  Extractor  
  106  7:12  Extractor  
  104  7:25  Lurker x2  
  104  7:26  Lurker  
  104  7:27  Drone  
  104  7:28  Drone x10  
  104  7:29  Drone  
  119  7:38  Drone x2  
  121  7:45  Hatchery  
  120  7:57  Overseer  
  120  7:58  Overseer  
  120  8:09  Pneumatized Carapace  
  120  8:25  Hatchery  
  120  8:26  Hydralisk  
  120  8:27  Hydralisk x4  
  119  8:29  Overlord  
Show
View Real Time Build Order
Export as new Build Order

wabbajack Terran 

Build Orders: Mech 

Get SALT Encoding   

  12  0:01  SCV  
  13  0:13  SCV  
  14  0:23  Supply Depot  
  14  0:25  SCV  
  15  0:29  Refinery  
  15  0:45  SCV  
  16  0:54  Barracks  
  16  0:59  SCV  
  17  1:05  Supply Depot  
  17  1:11  SCV  
  18  1:23  SCV  
  19  1:46  Supply Depot  
  19  1:57  Orbital Command  
  19  1:59  Barracks Reactor  
  19  2:00  Factory  
  19  2:11  Refinery  
  19  2:27  Command Center  
  19  2:33  SCV  
  20  2:54  Hellion x2  
  20  2:57  Armory  
  24  3:02  SCV  
  24  3:03  Factory  
  25  3:10  Barracks Tech Lab  
  25  3:16  Hellion x2  
  29  3:20  SCV  
  30  3:27  Supply Depot  
  30  3:32  SCV  
  31  3:39  Barracks Reactor  
  31  3:44  SCV  
  31  3:47  Orbital Command  
  32  3:59  Infernal Pre-Igniter  
  32  4:05  SCV  
  33  4:10  Terran Vehicle Armor Level 1  
  33  4:15  SCV  
  33  4:17  SCV  
  35  4:19  Marine x2  
  35  4:23  Hellion  
  39  4:27  SCV, Hellion  
  42  4:32  Siege Tank  
  42  4:36  SCV  
  46  4:39  SCV  
  46  4:40  Marine x2  
  49  4:49  SCV  
  49  4:51  SCV  
  51  4:53  Hellbat x2  
  55  5:01  SCV  
  56  5:13  SCV x2, Starport  
  58  5:17  Hellion  
  58  5:18  Supply Depot x2, Hellion  
  60  5:39  Thor  
  60  5:41  Supply Depot  
  66  5:43  Marine x2  
  66  5:44  Supply Depot  
  66  5:46  Widow Mine  
  66  5:47  Hellbat  
  72  5:51  SCV, Refinery  
  72  5:52  Refinery  
  72  5:54  SCV  
  74  6:02  Starport Tech Lab  
  74  6:03  SCV  
  75  6:06  Supply Depot  
  75  6:08  Supply Depot  
  75  6:09  Terran Vehicle Weapons Level 1  
  75  6:18  Marine x2  
  76  6:22  Siege Tank  
  76  6:23  Widow Mine x2  
  84  6:40  Command Center  
  84  6:45  SCV  
  85  6:53  SCV  
  86  6:57  SCV  
  86  6:58  Supply Depot  
  86  6:59  Supply Depot  
  87  7:03  Siege Tank  
  87  7:05  Hellbat x2  
  87  7:06  Marine x2  
  96  7:18  Raven  
  98  7:23  SCV x2, Marine  
  98  7:24  Marine  
  98  7:26  Hellbat x2  
  106  7:35  SCV x2  
  108  7:45  Thor  
  108  7:47  Widow Mine x2  
  118  7:59  Barracks Reactor  
  118  8:05  Barracks  
  118  8:06  Engineering Bay, Barracks  
  118  8:12  Factory  
  118  8:15  Factory  
  118  8:17  Unknown, Orbital Command  
  118  8:37  Command Center  
Tags
 
Add a new tag
Caveats
  • Supply blocks, unpowered buildings, or Contaminate may cause inaccurate times.
  • Supply counts are checked every 10 seconds.